TOP OF THE 1ST |
West Michigan Whitecaps batting - Pitching for Delmarva Shorebirds : RHP Wes Reynolds
|
Pitching: RHP Wes Reynolds
|
|
Batting: SHB Willie Medina
|
0-0: Ball 1-0: Ball 2-0: Foul Ball, location: 2F 2-1: Foul Ball, location: 2F 2-2: Foul Ball, location: 2F 2-2: Foul Ball, location: 2F 2-2: Strikes out swinging
|
Batting: RHB Jon Goldstein
|
0-0: Ball 1-0: Ball 2-0: SINGLE (Line Drive, 89S, EV 100.6 MPH)
|
Batting: LHB Dave Carlisle
|
0-0: Called Strike 0-1: Ball 1-1: Called Strike 1-2: Ball 2-2: Ball 3-2: Foul Ball, location: 2F 3-2: Strikes out looking
|
Batting: RHB German Quiroga
|
0-0: Swinging Strike 0-1: Foul Ball, location: 2F 0-2: Strikes out swinging
|
Top of the 1st over - 0 runs, 1 hit, 0 errors, 1 left on base; West Michigan 0 - Delmarva 0 |
BOTTOM OF THE 1ST |
Delmarva Shorebirds batting - Pitching for West Michigan Whitecaps : RHP Rich Nunez
|
Pitching: RHP Rich Nunez
|
|
Batting: RHB Josh Hopp
|
0-0: Foul Ball, location: 2F 0-1: Ball 1-1: Ball 2-1: Ball 3-1: Bunt for hit to 15 - play at first, batter OUT! 1-3
|
Batting: RHB Ken Manser
|
0-0: SOLO HOME RUN (Flyball, 7LD, EV 99.4 MPH), Distance : 380 ft
|
Batting: RHB Daniel Jackson
|
0-0: DOUBLE (Line Drive, 8LXD, EV 108.8 MPH)
|
Batting: RHB Luke Vaccarino
|
0-0: Swinging Strike 0-1: Fly out, F9 (Flyball, 89M, EV 93.1 MPH)
|
Batting: LHB Eric Jackson
|
0-0: Ball 1-0: Ball 2-0: Called Strike 2-1: Ball 3-1: Base on Balls
|
Batting: RHB Ethan Finke
|
0-0: Ground out 1-3 (Groundball, 13, EV 69.4 MPH)
|
Bottom of the 1st over - 1 run, 2 hits, 0 errors, 2 left on base; West Michigan 0 - Delmarva 1 |
TOP OF THE 2ND |
West Michigan Whitecaps batting - Pitching for Delmarva Shorebirds : RHP Wes Reynolds
|
Batting: LHB Jon Pedlar
|
0-0: Foul Ball, location: 2F 0-1: Ball 1-1: Foul Ball, location: 2F 1-2: SINGLE (Groundball, 6MD, EV 95.6 MPH)
|
Batting: RHB Joe Zimmerman
|
0-0: Ball 1-0: Called Strike 1-1: Grounds into double play, 4-6-3 (Groundball, 4, EV 85.6 MPH)
|
Batting: LHB Steve Herrera
|
0-0: Swinging Strike 0-1: Ball 1-1: Ball 2-1: Called Strike 2-2: Ball 3-2: Strikes out swinging
|
Top of the 2nd over - 0 runs, 1 hit, 0 errors, 0 left on base; West Michigan 0 - Delmarva 1 |
BOTTOM OF THE 2ND |
Delmarva Shorebirds batting - Pitching for West Michigan Whitecaps : RHP Rich Nunez
|
Batting: RHB Steve Jones
|
0-0: Swinging Strike 0-1: Ball 1-1: Foul Ball, location: 2F 1-2: Ball 2-2: Strikes out swinging
|
Batting: RHB Mike Pitts
|
0-0: Called Strike 0-1: Foul Ball, location: 2F 0-2: Strikes out swinging
|
Batting: RHB Tony Godley
|
0-0: Foul Ball, location: 2F 0-1: Ball 1-1: Ball 2-1: Ball 3-1: Fly out, F9 (Flyball, 89S, EV 88.1 MPH)
|
Bottom of the 2nd over - 0 runs, 0 hits, 0 errors, 0 left on base; West Michigan 0 - Delmarva 1 |
TOP OF THE 3RD |
West Michigan Whitecaps batting - Pitching for Delmarva Shorebirds : RHP Wes Reynolds
|
Batting: RHB Yaremka Rzhevsky
|
0-0: Ball 1-0: Foul Ball, location: 2F 1-1: Called Strike 1-2: Strikes out swinging
|
Batting: RHB Tony Murray
|
0-0: Called Strike 0-1: Ground out 1-3 (Groundball, 13, EV 70.6 MPH)
|
Batting: SHB Willie Medina
|
0-0: Called Strike 0-1: Ball 1-1: Ball 2-1: Foul Ball, location: 2F 2-2: Strikes out swinging
|
Top of the 3rd over - 0 runs, 0 hits, 0 errors, 0 left on base; West Michigan 0 - Delmarva 1 |
BOTTOM OF THE 3RD |
Delmarva Shorebirds batting - Pitching for West Michigan Whitecaps : RHP Rich Nunez
|
Batting: RHB Josh Hopp
|
0-0: Ground out 4-3 (Groundball, 4, EV 104.4 MPH)
|
Batting: RHB Ken Manser
|
0-0: Called Strike 0-1: Ball 1-1: Ground out U3 (Groundball, 3, EV 101.9 MPH)
|
Batting: RHB Daniel Jackson
|
0-0: Ball 1-0: Foul Ball, location: 2F 1-1: Ground out 5-3 (Groundball, 56S, EV 75.6 MPH)
|
Bottom of the 3rd over - 0 runs, 0 hits, 0 errors, 0 left on base; West Michigan 0 - Delmarva 1 |
TOP OF THE 4TH |
West Michigan Whitecaps batting - Pitching for Delmarva Shorebirds : RHP Wes Reynolds
|
Batting: RHB Jon Goldstein
|
0-0: Swinging Strike 0-1: Foul Ball, location: 2F 0-2: Ball 1-2: Foul Ball, location: 2F 1-2: Ball 2-2: Strikes out swinging
|
Batting: LHB Dave Carlisle
|
0-0: Ball 1-0: Swinging Strike 1-1: Fly out, F3 (Line Drive, 3L, EV 72.5 MPH)
|
Batting: RHB German Quiroga
|
0-0: Called Strike 0-1: Called Strike 0-2: Ball 1-2: Foul Ball, location: 2F 1-2: Foul Ball, location: 2F 1-2: Foul Ball, location: 2F 1-2: Fly out, F4 (Popup, 23, EV 87.5 MPH)
|
Top of the 4th over - 0 runs, 0 hits, 0 errors, 0 left on base; West Michigan 0 - Delmarva 1 |
BOTTOM OF THE 4TH |
Delmarva Shorebirds batting - Pitching for West Michigan Whitecaps : RHP Rich Nunez
|
Batting: RHB Luke Vaccarino
|
0-0: SINGLE (Line Drive, 9S, EV 107.5 MPH)
|
Batting: LHB Eric Jackson
|
0-0: Ball 1-0: Ball 2-0: Foul Ball, location: 2F 2-1: Foul Ball, location: 2F 2-2: Strikes out swinging
|
Batting: RHB Ethan Finke
|
0-0: Called Strike 0-1: Ball 1-1: Grounds into double play, 6-4-3 (Groundball, 6, EV 87.5 MPH)
|
Bottom of the 4th over - 0 runs, 1 hit, 0 errors, 0 left on base; West Michigan 0 - Delmarva 1 |
TOP OF THE 5TH |
West Michigan Whitecaps batting - Pitching for Delmarva Shorebirds : RHP Wes Reynolds
|
Batting: LHB Jon Pedlar
|
0-0: Ground out U3 (Groundball, 3D, EV 82.5 MPH)
|
Batting: RHB Joe Zimmerman
|
0-0: Called Strike 0-1: SOLO HOME RUN (Flyball, 78XD, EV 101.9 MPH), Distance : 415 ft
|
Batting: LHB Steve Herrera
|
0-0: Ball 1-0: Called Strike 1-1: Foul Ball, location: 2F 1-2: Strikes out swinging
|
Batting: RHB Yaremka Rzhevsky
|
0-0: Called Strike 0-1: Called Strike 0-2: Ball 1-2: Ball 2-2: DOUBLE (Flyball, 8RXD, EV 95.6 MPH)
|
Batting: RHB Tony Murray
|
0-0: Swinging Strike 0-1: Swinging Strike 0-2: Ball 1-2: Ball 2-2: Ball 3-2: Strikes out swinging
|
Top of the 5th over - 1 run, 2 hits, 0 errors, 1 left on base; West Michigan 1 - Delmarva 1 |
BOTTOM OF THE 5TH |
Delmarva Shorebirds batting - Pitching for West Michigan Whitecaps : RHP Rich Nunez
|
Batting: RHB Steve Jones
|
0-0: Ball 1-0: Called Strike 1-1: Ground out 5-3 (Groundball, 5, EV 78.8 MPH)
|
Batting: RHB Mike Pitts
|
0-0: Ball 1-0: Fly out, F4 (Popup, 3S, EV 74.4 MPH)
|
Batting: RHB Tony Godley
|
0-0: Called Strike 0-1: Foul Ball, location: 2F 0-2: Ball 1-2: Ground out 5-3 (Groundball, 56, EV 101.9 MPH)
|
Bottom of the 5th over - 0 runs, 0 hits, 0 errors, 0 left on base; West Michigan 1 - Delmarva 1 |
TOP OF THE 6TH |
West Michigan Whitecaps batting - Pitching for Delmarva Shorebirds : RHP Wes Reynolds
|
Pitching: LHP Justin Hinton
|
|
Batting: SHB Willie Medina
|
0-0: Called Strike 0-1: Called Strike 0-2: Fly out, F9 (Line Drive, 9, EV 94.4 MPH)
|
Batting: RHB Jon Goldstein
|
0-0: Foul Ball, location: 2F 0-1: Foul Ball, location: 2F 0-2: Fly out, F8 (Flyball, 8LD, EV 107.5 MPH)
|
Batting: LHB Dave Carlisle
|
0-0: Called Strike 0-1: Ball 1-1: Ball 2-1: Ground out U3 (Groundball, 34, EV 81.9 MPH)
|
Top of the 6th over - 0 runs, 0 hits, 0 errors, 0 left on base; West Michigan 1 - Delmarva 1 |
BOTTOM OF THE 6TH |
Delmarva Shorebirds batting - Pitching for West Michigan Whitecaps : RHP Rich Nunez
|
Batting: RHB Josh Hopp
|
0-0: Called Strike 0-1: Swinging Strike 0-2: Ball 1-2: Ball 2-2: Foul Ball, location: 2F 2-2: Ball 3-2: Base on Balls
|
Batting: RHB Ken Manser
|
0-0: Called Strike 0-1: DOUBLE (Line Drive, 3D, EV 93.8 MPH) Josh Hopp to third Runner from 3rd tries for Home, SAFE, no throw by RF
|
Batting: RHB Daniel Jackson
|
0-0: Ball 1-0: Ball 2-0: Swinging Strike 2-1: Called Strike 2-2: Foul Ball, location: 2F 2-2: Ball 3-2: Ground out 5-3 (Groundball, 56, EV 107.5 MPH)
|
Batting: RHB Luke Vaccarino
|
0-0: Fly out, F9 (Flyball, 89S, EV 90.6 MPH)
|
Batting: LHB Eric Jackson
|
0-0: Ball 1-0: Ground out 4-3 (Groundball, 4M, EV 83.1 MPH)
|
Bottom of the 6th over - 1 run, 1 hit, 0 errors, 1 left on base; West Michigan 1 - Delmarva 2 |
TOP OF THE 7TH |
West Michigan Whitecaps batting - Pitching for Delmarva Shorebirds : LHP Justin Hinton
|
Batting: RHB German Quiroga
|
0-0: Ball 1-0: Foul Ball, location: 2F 1-1: Foul Ball, location: 2F 1-2: Foul Ball, location: 2F 1-2: Ball 2-2: Foul Ball, location: 2F 2-2: Foul Ball, location: 2F 2-2: Fly out, F7 (Flyball, 7D, EV 91.2 MPH)
|
Batting: LHB Jon Pedlar
|
0-0: Called Strike 0-1: Ball 1-1: Called Strike 1-2: Ball 2-2: Ball 3-2: Fly out, F5 (Popup, 5D, EV 49.4 MPH)
|
Batting: RHB Joe Zimmerman
|
0-0: Ball 1-0: Ball 2-0: Ground out 4-3 (Groundball, 4, EV 99.4 MPH)
|
Top of the 7th over - 0 runs, 0 hits, 0 errors, 0 left on base; West Michigan 1 - Delmarva 2 |
BOTTOM OF THE 7TH |
Delmarva Shorebirds batting - Pitching for West Michigan Whitecaps : RHP Rich Nunez
|
Batting: RHB Ethan Finke
|
0-0: Ball 1-0: Foul Ball, location: 2F 1-1: SINGLE (Line Drive, 89M, EV 88.1 MPH)
|
Batting: RHB Steve Jones
|
0-0: Called Strike 0-1: Bunted foul 0-2: Foul Ball, location: 2F 0-2: Fly out, F3 (Popup, 3SF, EV 39.4 MPH)
|
Batting: RHB Mike Pitts
|
0-0: Ball 1-0: Fly out, F9 (Flyball, 9, EV 91.9 MPH)
|
Batting: RHB Tony Godley
|
0-0: Ball 1-0: Ball 2-0: Called Strike 2-1: Ball 3-1: Foul Ball, location: 2F 3-2: Base on Balls Ethan Finke to second
|
Batting: RHB Josh Hopp
|
0-0: Ball 1-0: Ball 2-0: Foul Ball, location: 2F 2-1: Foul Ball, location: 2F 2-2: Ball 3-2: Fly out, F8 (Line Drive, 8RD, EV 108.8 MPH)
|
Bottom of the 7th over - 0 runs, 1 hit, 0 errors, 2 left on base; West Michigan 1 - Delmarva 2 |
TOP OF THE 8TH |
West Michigan Whitecaps batting - Pitching for Delmarva Shorebirds : LHP Justin Hinton
|
Pitching: RHP Harley Hyde
|
|
Batting: LHB Steve Herrera
|
0-0: Foul Ball, location: 2F 0-1: Swinging Strike 0-2: Strikes out swinging
|
Batting: RHB Yaremka Rzhevsky
|
0-0: Ball 1-0: Ball 2-0: Ground out 4-3 (Groundball, 4, EV 86.9 MPH)
|
Batting: LHB George Moran
|
0-0: Swinging Strike 0-1: SOLO HOME RUN (Flyball, 9D, EV 95.6 MPH), Distance : 354 ft
|
Batting: SHB Willie Medina
|
0-0: Ground out 6-3 (Groundball, 6, EV 107.5 MPH)
|
Top of the 8th over - 1 run, 1 hit, 0 errors, 0 left on base; West Michigan 2 - Delmarva 2 |
BOTTOM OF THE 8TH |
Delmarva Shorebirds batting - Pitching for West Michigan Whitecaps : RHP Rich Nunez
|
Batting: RHB Ken Manser
|
0-0: Called Strike 0-1: Ball 1-1: Foul Ball, location: 2F 1-2: Foul Ball, location: 2F 1-2: SINGLE (Line Drive, 6MD, EV 98.8 MPH)
|
Batting: RHB Daniel Jackson
|
0-0: Ball 1-0: Foul Ball, location: 2F 1-1: Ball 2-1: SINGLE (Groundball, 34D, EV 99.4 MPH) Ken Manser to second Runner from 2nd tries for 3rd, SAFE, throw by RF made to third
|
Batting: RHB Luke Vaccarino
|
0-0: Ball Wild Pitch! Ken Manser scores Daniel Jackson to second 1-0: Ball 2-0: Foul Ball, location: 2F 2-1: Foul Ball, location: 2F 2-2: Foul Ball, location: 2F 2-2: Foul Ball, location: 2F 2-2: Foul Ball, location: 2F 2-2: Ball 3-2: Foul Ball, location: 2F 3-2: Ground out 4-3 (Groundball, 4, EV 80.0 MPH) Daniel Jackson to third
|
Batting: LHB Eric Jackson
|
0-0: Intentional Walk
|
Pitching: LHP Jesse Turner
|
|
Batting: RHB Ethan Finke
|
0-0: Ball Eric Jackson steals 2nd base 1-0: Fly out, F9 (Line Drive, 9S, EV 91.9 MPH)
|
Batting: RHB Steve Jones
|
0-0: Ground out 6-3 (Groundball, 6S, EV 84.4 MPH)
|
Bottom of the 8th over - 1 run, 2 hits, 0 errors, 2 left on base; West Michigan 2 - Delmarva 3 |
TOP OF THE 9TH |
West Michigan Whitecaps batting - Pitching for Delmarva Shorebirds : RHP Harley Hyde
|
Pitching: RHP Manny Rolfe
|
|
Now at 1B: Keith Long
|
|
Now at 2B: Ismael Macedo
|
|
Now in RF: Tony Godley
|
|
Batting: RHB Jon Goldstein
|
0-0: Called Strike 0-1: Ball 1-1: Swinging Strike 1-2: Strikes out swinging
|
Batting: LHB Dave Carlisle
|
0-0: Ball 1-0: Called Strike 1-1: Foul Ball, location: 2F 1-2: Strikes out swinging
|
Batting: RHB German Quiroga
|
0-0: Ball 1-0: Called Strike 1-1: Fly out, F9 (Line Drive, 9D, EV 90.0 MPH)
|
Top of the 9th over - 0 runs, 0 hits, 0 errors, 0 left on base; West Michigan 2 - Delmarva 3 |
|